 Dungeon Crawl Stone Soup version 0.22-a0-799-g88f5e90 (webtiles) character file.

47 Amnesiac the Magician (level 3, -2/24 HPs)
             Began as a Mummy Earth Elementalist on July 21, 2018.
             Was a Follower of Vehumet.
             Slain by an orc priest
             ... wielding a +0 dagger
              (6 damage)
             ... on level 2 of the Dungeon.
             The game lasted 00:02:55 (1134 turns).

Amnesiac the Magician (Mummy Earth Elementalist)    Turns: 1134, Time: 00:02:56

Health: -2/24      AC:  2    Str: 11    XL:     3   Next: 48%
Magic:  0/7        EV: 12    Int: 15    God:    Vehumet [*.....]
Gold:   101        SH:  0    Dex: 12    Spells: 2/8 levels left

rFire    x . .     SeeInvis .   a - +1 dagger
rCold    + . .     Gourm    .   (no shield)
rNeg     + + +     Faith    .   c - +0 robe
rPois    ∞         Spirit   .   (no helmet)
rElec    .         Reflect  .   (no cloak)
rCorr    .         Harm     .   (no gloves)
MR       .....                  (no boots)
Stlth    ++........             (no amulet)
HPRegen  0.08/turn              (no ring)
MPRegen  0.10/turn              (no ring)

@: no status effects
A: no food or potions, fire vulnerability, cold resistance 1, negative energy
resistance 3, torment resistance, unbreathing
a: Renounce Religion


You were on level 2 of the Dungeon.
You worshipped Vehumet.
Vehumet was aware of your devotion.
You were not hungry.

You visited 1 branch of the dungeon, and saw 2 of its levels.

You collected 101 gold pieces.

Inventory:

Hand Weapons
 a - a +1 dagger (weapon)
Missiles
 b - 8 stones (quivered)
Armour
 c - a +0 robe (worn)


   Skills:
 - Level 1.5 Dodging
 - Level 1.5 Stealth
 + Level 3.4 Spellcasting
 - Level 0.7 Transmutations
 * Level 3.4 Earth Magic


You had 2 spell levels left.
You knew the following spells:

 Your Spells              Type           Power        Failure   Level  Hunger
a - Sandblast             Erth           ##....       4%          1    N/A
b - Passwall              Tmut/Erth      #.......     12%         2    N/A
c - Stone Arrow           Conj/Erth      #.....       28%         3    N/A

Your spell library contained the following spells:

 Spells                   Type           Power        Failure   Level  Hunger
 Lee's Rapid Deconstruct  Erth           ##........   78%         5    N/A
 Petrify                  Tmut/Erth      #.......     63%         4    N/A

Dungeon Overview and Level Annotations

Branches:
Dungeon (2/15)

Altars:
Hepliaklqana
Makhleb
Vehumet


Innate Abilities, Weirdness & Mutations

You do not eat or drink.
Your flesh is vulnerable to fire.
You are immune to poison.
Your flesh is cold resistant. (rC+)
You are immune to negative energy. (rN+++)
You are immune to unholy pain and torment.
You can survive without breathing.


Message History

b - 12 stones
Casting: Sandblast (safe; 4% risk of failure)
Confirm with . or Enter, or press ? or * to list all spells.
Aiming: Sandblast (safe; 4% risk of failure)
Press: ? - help, Shift-Dir - straight line, f/p - orc priest
Aim: an orc priest, wielding a dagger and wearing a scale mail The blast of sand misses the orc priest.
b - 11 stones The orc priest completely misses you.
Casting: Sandblast (safe; 4% risk of failure)
Confirm with . or Enter, or press ? or * to list all spells.
Aiming: Sandblast (safe; 4% risk of failure)
Press: ? - help, Shift-Dir - straight line, f/p - orc priest
Aim: an orc priest, wielding a dagger and wearing a scale mail The blast of sand hits the orc priest.
b - 10 stones The orc priest closely misses you.
Casting: Sandblast (safe; 4% risk of failure)
Confirm with . or Enter, or press ? or * to list all spells.
Aiming: Sandblast (safe; 4% risk of failure)
Press: ? - help, Shift-Dir - straight line, f/p - orc priest
Aim: an orc priest, wielding a dagger and wearing a scale mail The blast of sand hits the orc priest.
The orc priest is lightly wounded.
b - 9 stones The orc priest hits you with a short sword!
The orc priest closely misses you.
Casting: Sandblast (safe; 4% risk of failure)
Confirm with . or Enter, or press ? or * to list all spells.
You don't have enough magic to cast that spell.
Casting: Sandblast (safe; 4% risk of failure)
Confirm with . or Enter, or press ? or * to list all spells.
You don't have enough magic to cast that spell.
Casting: Sandblast (safe; 4% risk of failure)
Confirm with . or Enter, or press ? or * to list all spells.
You don't have enough magic to cast that spell.
Really read
d - a scroll labeled UCINO JI QIG {!r}?
As you read the scroll labeled UCINO JI QIG {!r}, it crumbles to dust.
It is a scroll of enchant weapon.
Your +0 dagger glows red for a moment.
The orc priest misses you. The orc priest hits you with a dagger.
You hit the orc priest.
The orc priest is moderately wounded.
The orc priest barely misses you. The orc priest closely misses you.
Casting: Sandblast (safe; 4% risk of failure)
Confirm with . or Enter, or press ? or * to list all spells.
Aiming: Sandblast (safe; 4% risk of failure)
Press: ? - help, Shift-Dir - straight line, f/p - orc priest
Aim: an orc priest, wielding a dagger and wearing a scale mail (moderately wounded)
The blast of sand hits the orc priest.
The orc priest is severely wounded.
b - 8 stones The orc priest hits you with a short sword.
* * * LOW HITPOINT WARNING * * *
The orc priest hits you with a dagger.
* * * LOW HITPOINT WARNING * * *
You hit the orc priest.
The orc priest is almost dead.
The orc priest closely misses you. The orc priest hits you with a dagger.
* * * LOW HITPOINT WARNING * * *
You hit the orc priest but do no damage.
The orc priest is almost dead.
The orc priest completely misses you. The orc priest hits you with a dagger.
You die...

### #.#.....'...... ...
#.#.#.###......
####.######.#.#..#..#...#
....................#...#
..........#.#.#.....#.#.#
.......)..#.#.####..#†#.#
.......#..#.#.#.......#.#
.......#oo...............
.....o.#@#...........†#.#
....o..#.#........##..#.#
..o....#.#........+...#.#
.o..oo.#.#........###.#.#
.......#.#...(....# #.#.#
#.#........# #...#
#.#........# ##..#
..#.......## ...
#.......# .#.♣


You could see 2 orc priests.

Vanquished Creatures
  An adder (D:2)
  An ooze (D:1)
  A dart slug (D:1)
  2 orcs (D:2)
  2 bats (D:1)
  2 giant cockroaches (D:1)
  5 goblins
  4 jackals (D:2)
  3 kobolds
  2 frilled lizards (D:1)
  7 rats
30 creatures vanquished.

Notes
Turn   | Place    | Note
-------+----------+-------------------------------------------
     0 | D:1      | Amnesiac the Mummy Earth Elementalist began the quest for the Orb.
     0 | D:1      | Reached XP level 1. HP: 13/13 MP: 4/4
   107 | D:1      | Reached XP level 2. HP: 19/19 MP: 5/5
   288 | D:2      | Found a radiant altar of Vehumet.
   306 | D:2      | Became a worshipper of Vehumet
   979 | D:2      | Found a burning altar of Makhleb.
   986 | D:2      | Reached XP level 3. HP: 24/24 MP: 4/7
   990 | D:2      | Learned a level 2 spell: Passwall
   999 | D:2      | Learned a level 3 spell: Stone Arrow
   999 | D:2      | Found a hazy altar of Hepliaklqana.
  1122 | D:2      | Reached * piety under Vehumet
  1122 | D:2      | Offered knowledge of Freeze by Vehumet.
  1134 | D:2      | Slain by an orc priest

Vault maps used:
D:1:      eino_arrival_water_cross, glass_columns_c
D:2:      cheibrodos_pilgrimage, vehumet_crystals, okawaru_trees_1,
          grunt_temple_overflow_open, first_ration

Skill      XL: |  1  2 |
---------------+-------+-----
Spellcasting   | 3 |  3.4
Earth Magic    | 3 |  3.4
Dodging        | |  1.5
Stealth        | |  1.5
Transmutations | |  0.7

Action                   || total
-------------------------++-------
Melee: Dagger            ||    53
       Unarmed           ||     5
 Cast: Sandblast         ||    32
  Use: Scroll            ||     1
 Stab: Sleeping          ||     3
Armor: Robe              ||    14
Dodge: Dodged            ||    47

Table legend:
 A = Spawn XP
 B = Non-spawn XP
 C = Spawn XP percentage of total XP
 D = Spawn monster count
 E = Non-spawn monster count
 F = Spawn count percentage of total count
 G = Total turns spent on level
                    A         B        C        D         E        F      G
               +---------+---------+-------+---------+---------+-------+---------
         Total |       0 |      68 |   0.0 |       0 |      30 |   0.0 |  1134
               +---------+---------+-------+---------+---------+-------+---------
           D:1 |       0 |      36 |   0.0 |       0 |      19 |   0.0 |   747
           D:2 |       0 |      32 |   0.0 |       0 |      11 |   0.0 |   387
               +---------+---------+-------+---------+---------+-------+---------
